 Dungeon Crawl Stone Soup version 0.18-a0-1060-g4fac74f (webtiles) character file.

27 namelastname112 the Magician (level 2, 0/23 HPs)
             Began as a Draconian Wizard on Jan 12, 2016.
             Slain by a gnoll (1 damage)
             ... on level 1 of the Dungeon.
             The game lasted 00:02:04 (1359 turns).

namelastname112 the Magician (Draconian Wizard)     Turns: 1359, Time: 00:02:06

Health: 0/23       AC:  4    Str:  9    XL:     2   Next: 93%
Magic:  10/15      EV: 12    Int: 18    God:
Gold:   53         SH:  0    Dex:  9    Spells: 1 memorised, 6 levels left

rFire  . . .     SeeInvis .     e - +0 hand axe
rCold  . . .     Gourm    .     (armour unavailable)
rNeg   . . .     Faith    .     (no shield)
rPois  .         Spirit   .     a - +0 hat
rElec  .         Dismiss  .     (no cloak)
rCorr  .         Reflect  .     (no gloves)
SustAt .         Harm     .     (no boots)
MR     .....                    (no amulet)
Stlth  +.........               (no ring)
                                g - ring of magical power

@: not resistant to hostile enchantments, very unstealthy
A: unfitting armour, cold-blooded, AC +4
a: no special abilities


You were on level 1 of the Dungeon.
You were not hungry.

You visited 1 branch of the dungeon, and saw 2 of its levels.

You collected 53 gold pieces.

Inventory:

Hand Weapons
 e - a +0 hand axe (weapon)
Armour
 a - a +0 hat (worn)
Jewellery
 g - a ring of magical power (left hand)
Scrolls
 h - a scroll of identify {unknown}
 k - a scroll of remove curse {unknown}
Potions
 d - 3 potions of curing
 i - a potion of agility {unknown}
Books
 b - a book of Minor Magic

   Spells                             Type                      Level
   a - Magic Dart                     Conjuration                  1
   b - Blink                          Translocation                2
   c - Call Imp                       Summoning                    2
   d - Repel Missiles                 Charms/Air                   2
   e - Slow                           Hexes                        2
   f - Conjure Flame                  Conjuration/Fire             3
   g - Mephitic Cloud                 Conjuration/Poison/Air       3
Comestibles
 c - a bread ration
 f - 2 fruits


   Skills:
 + Level 1.0 Fighting
 * Level 1.8 Axes
 + Level 2.1 Dodging
 - Level 1.7 Stealth
 - Level 3.0 Spellcasting
 - Level 1.0 Conjurations
   Level 1.0 Summonings
   Level 1.0 Translocations


You had 6 spell levels left.
You knew the following spells:

 Your Spells              Type           Power        Failure   Level  Hunger
z - Magic Dart            Conj           #...         12%         1    None


Dungeon Overview and Level Annotations

Branches:
Dungeon (2/15)

Altars:

Annotations:
D:1 1 runed door


Innate Abilities, Weirdness & Mutations

Your plain brown scales are hard (AC +4).
Your body does not fit into most forms of armour.
You are cold-blooded and may be slowed by cold attacks.


Message History

The gnoll hits you from afar with a spear.
* * * LOW HITPOINT WARNING * * *
You climb upwards.
Level annotation: 1 runed door The jelly quivers.
There is a stone staircase leading down here.
Drink which item? (? for menu, Esc to quit)
It was a potion of curing.
You feel better. The gnoll hits you.
The ooze quivers.
You hit the gnoll but do no damage. The gnoll hits you but does no damage.
You hit the gnoll.
The gnoll is heavily wounded.
The gnoll hits you.
The ooze quivers.
You hit the gnoll.
The gnoll is almost dead.
The gnoll hits you!
* * * LOW HITPOINT WARNING * * *
The gnoll hits you.
You die...

...........+.....................
##.........###....#####.#####...#
#........## #.#.## #.######..#
#.#.....## #...# #..........
#.##...## ##..## #####.##.##
##.###'#######....#########.##.##
...# #.#.................##.##..#
######.#.###'#######'###.##.###.#
#.....#..⌠...@...⌠..#.........
#.....#......g......#..#####.#
#.....'⌠....###....⌠'..# #.#
#.....#.............#..# #.#
####.#.#.#######+#######.## #.#
.....#.#.#


..sJsshhJJ#.# #.. ####.#.#.# .....Jhh.JJs#.# ### #.....#.............#.# #
###...###############.# # You could see a jelly, a gnoll, 2 oozes, a jackal and
a giant cockroach.

Vanquished Creatures
  2 worms (D:2)
  A giant gecko (D:1)
  A goblin (D:2)
  5 hobgoblins
  6 kobolds
  A bat (D:1)
  2 giant newts (D:2)
  A rat (D:1)
19 creatures vanquished.

Notes
Turn   | Place    | Note
--------------------------------------------------------------
     0 | D:1      | namelastname112 the Draconian Wizard began the quest for the Orb.
     0 | D:1      | Reached XP level 1. HP: 14/14 MP: 4/4
     0 | D:1      | Noticed a jelly
     2 | D:1      | Found a runed door.
   555 | D:1      | Reached skill level 1 in Axes
   811 | D:2      | Reached XP level 2. HP: 17/22 MP: 6/6
  1295 | D:2      | Reached skill level 1 in Fighting
  1354 | D:2      | HP: 1/23 [gnoll/spear (3)]
  1359 | D:1      | HP: 1/23 [gnoll (7)]
  1359 | D:1      | Slain by a gnoll

Vault maps used:
D:1:      dpeg_arrival_caged_fury

Action                   || total
-------------------------++-------
Melee: Hand axe          ||    56
 Cast: Magic Dart        ||    27
  Use: Potion            ||     1
  Eat: Chunk             ||     1
